 Dungeon Crawl Stone Soup version 0.31-a0-152-g6aa68a64a1 (webtiles) character file.

Game seed: 1728155613736020078

6351 qw the Cleaver (level 10, -10/69 HPs)
             Began as a Gargoyle Fighter on June 10, 2023.
             Was an Elder of Okawaru.
             Mangled by Urug
             ... wielding a +3 great mace
              (14 damage)
             ... on level 10 of the Dungeon.
             The game lasted 00:04:28 (8837 turns).

qw the Cleaver (Gargoyle Fighter)                   Turns: 8837, Time: 00:04:29

Health: -10/69     AC: 27    Str: 24    XL:     10   Next: 96%
Magic:  12/13      EV:  9    Int:  8    God:    Okawaru [****..]
Gold:   176        SH: 18    Dex: 13    Spells: 9/9 levels left

rFire   . . .        Y - +3 war axe (elec)
rCold   . . .        r - +0 kite shield
rNeg    + . .        l - +0 plate armour
rPois   inf          a - +2 helmet
rElec   +            c - +0 cloak
rCorr   +            (no gloves)
SInv    +            (no boots)
Will    +....        g - amulet of reflection Stlth
                     b - ring of Qysteamu {Will+ rCorr Int+3 SInv}
HPRegen 0.31/turn    (no ring)
MPRegen 0.13/turn

%: reflection
@: about to teleport, heroic
A: sickness immunity, AC +7, negative energy resistance 1, electricity
resistance, torment resistance 1, petrification resistance, agile 1, dopey 1,
robust 1
a: Renounce Religion, Heroism, Finesse


You were on level 10 of the Dungeon.
You worshipped Okawaru.
Okawaru was greatly pleased with you.
You visited 2 branches of the dungeon, and saw 12 of its levels.
You also visited: Ossuary.

You collected 543 gold pieces.
You spent 367 gold pieces at shops.


Innate Abilities, Weirdness & Mutations

You are immune to sickness and miasma.
Your stone body is resilient. (AC +7)
You are immune to poison.
You resist negative energy. (rN+)
You are resistant to electric shocks. (rElec)
You are resistant to unholy torment.
You are immune to petrification.
You are agile. (Dex +4, Str/Int -1)
You are dopey. (Int -2)
You are robust. (+10% HP)


   Skills:
 - Level 7.4(12.4) Fighting
 + Level 9.9(14.9) Axes
 - Level 1.8(6.8) Throwing
 - Level 6.0(11.0) Armour
 - Level 2.1(7.1) Dodging
 - Level 9.4(14.4) Shields
 + Level 4.4 Invocations


You had 9 spell levels left.
You didn't know any spells.
Your spell library was empty.

Inventory:

Hand Weapons
 t - a +0 morningstar
 Y - a +3 war axe of electrocution (weapon)
Missiles
 k - 6 boomerangs
Armour
 a - a +2 helmet (worn)
 c - a +0 cloak (worn)
 l - a +0 plate armour (worn)
 o - +0 fire dragon scales
 r - a +0 kite shield (worn)
 u - +0 acid dragon scales
Jewellery
 b - the ring of Qysteamu (left hand) {Will+ rCorr Int+3 SInv}
   (You found it on level 6 of the Dungeon)

   [ring of willpower]

   Int:       It affects your intelligence (+3).
   SInv:      It lets you see invisible.
   rCorr:     It protects you from acid and corrosion.
   Will:      It increases your willpower.
 g - an amulet of reflection (around neck)
 s - a ring of resist corrosion
Scrolls
 h - a scroll of identify
 n - 7 scrolls of teleportation
Potions
 d - 2 potions of might
 e - a potion of cancellation
 f - 2 potions of heal wounds
 i - a potion of resistance {unknown}
 j - a potion of mutation
 m - 2 potions of curing
 p - a potion of magic

Dungeon Overview and Level Annotations

Branches:
Dungeon (11/15)            Temple (1/1) D:5             Orc (0/2) D:9
Ossuary (visited)
   Lair: D:8-11

Altars:
Ashenzari
Cheibriados
Dithmenos
Elyvilon
Fedhas
Gozag
Hepliaklqana
Makhleb
Nemelex Xobeh
Okawaru
Qazlal
Ru
Sif Muna
Trog
Uskayaw
Vehumet
Wu Jian
Yredelemnul
Zin
The Shining One

Shops:
D:3 ?   D:7 (   D:8 *

Annotations:
D:3 exclusion: 8 dart slugs
D:4 2 runed translucent doors, exclusion: 2 hounds, qw's ghost, amateur GrFi
D:8 3 runed translucent doors
D:10 Urug


Message History

You block the killer bee's attack. The killer bee stings you!
Urug hits you but does no damage.
The death yak gores you but does no damage.
The death yak closely misses you.
Enter note:
Enter note:
Enter note:
Enter note:
Enter note:
Enter note:
Enter note:
Enter note: You slash the death yak!
The death yak is almost dead.
You slash the death yak!
Lightning courses through the death yak!
You barely miss the death yak. You hit Urug. Lightning courses through Urug!
You completely miss the killer bee. You slash the yak!
You barely miss the killer bee. You block the killer bee's attack. x2
The killer bee stings you but does no damage.
Urug hits you but does no damage. You block the killer bee's attack.
The death yak gores you.
The death yak gores you but does no damage.
The yak closely misses you. The death yak gores you!!
Enter note:
Enter note:
Enter note:
Enter note:
Enter note:
Enter note:
Enter note:
Enter note:
8837 ||| READING 8 scrolls of teleportation.
As you read the scroll of teleportation, it crumbles to dust.
You feel strangely unstable.
You block the killer bee's attack. x2; The yak gores you but does no damage.
The death yak gores you but does no damage.
Urug hits you with a +3 great mace!
You die...

.........#
..........
.........#
.........##
..........#
.....:....###..
......yy.......
.....yyoy.##
....YyY@...#
.....YYYY...?..
.....Y..).##...
...YY....... ##
.zz..........
..z##.#........
.z# #.##.###+##
.. #. .#


You could see 5 death yaks, Urug, 4 yaks, 6 killer bees and 4 wights.

Vanquished Creatures
  A cyclops (D:11)
  Maurice (D:8)
  A troll (D:5)
  Prince Ribbit (D:5)
  Sigmund (D:2)
  A shadow (D:11)
  5 yaks (D:10)
  3 steam dragons
  4 wargs (D:9)
  An acid dragon (D:11)
  2 water moccasins
  A black bear (D:6)
  A sky beast (D:5)
  2 ogres
  7 centaurs
  2 phantoms
  A kobold brigand (D:7)
  2 bullfrogs
  2 scorpions
  3 howler monkeys (D:9)
  7 killer bees
  A human zombie (D:7)
  2 gnoll boudas
  4 orc priests
  2 hounds
  4 jellies (D:5)
  A sleepcap (D:6)
  Jessica (D:3)
  5 iguanas
  Natasha (twice) (D:3)
  6 orc wizards
  Robin (D:2)
  12 gnolls
  14 adders
  4 shadow imps
  2 white imps
  3 ufetubi
  A worm (D:2)
  14 dart slugs
  24 orcs
  7 endoplasms
  14 goblins
  13 hobgoblins
  2 jackals (D:1)
  5 quokkas
  4 ball pythons
  5 bats
  5 frilled lizards
  8 hobgoblin zombies (Ossuary)
  14 kobolds
  5 kobold zombies
  8 orc zombies (Ossuary)
  5 rats
247 creatures vanquished.

Vanquished Creatures (others)
  A centaur (D:10)
1 creature vanquished.

Grand Total: 248 creatures vanquished

Notes
Turn   | Place    | Note
-------+----------+-------------------------------------------
     0 | D:1      | qw the Gargoyle Fighter began the quest for the Orb.
     0 | D:1      | Reached XP level 1. HP: 14/14 MP: 1/1
     0 | D:1      | 0 ||| qw: Version: 0.2-a-29-gd901d54
     0 | D:1      | 0 ||| qw: Game counter: 3994
     0 | D:1      | 0 ||| qw: Always use a shield: true
     0 | D:1      | 0 ||| qw: God list: Okawaru
     0 | D:1      | 0 ||| qw: Allow faded altars: false
     0 | D:1      | 0 ||| qw: Do Orc after D:15 true
     0 | D:1      | 0 ||| qw: Do second Lair branch before Depths: true
     0 | D:1      | 0 ||| qw: Lair rune preference: random
     0 | D:1      | 0 ||| qw: Plans: Normal, Zot:1-4, Slime:5, God:TSO, Crypt,
                  | Tomb, Abyss, Pan, Hells, Win
     0 | D:1      | 0 ||| PLANNING D:1-11
   247 | D:1      | Reached XP level 2. HP: 19/19 MP: 2/2
   393 | D:1      | 393 ||| Stepping ~*~*~tactically~*~*~ (stealth).
   401 | D:1      | 401 ||| FLEEEEING.
   404 | D:1      | 404 ||| FLEEEEING.
   405 | D:1      | 405 ||| FLEEEEING.
   411 | D:1      | 411 ||| FLEEEEING.
   412 | D:1      | 412 ||| FLEEEEING.
   413 | D:1      | 413 ||| FLEEEEING.
   414 | D:1      | 414 ||| FLEEEEING.
   415 | D:1      | 415 ||| FLEEEEING.
   416 | D:1      | 416 ||| FLEEEEING.
   417 | D:1      | 417 ||| FLEEEEING.
   519 | D:1      | 519 ||| DROPPING +0 club.
   699 | D:1      | Reached skill level 3 in Axes
   735 | D:1      | Reached XP level 3. HP: 23/23 MP: 3/3
   789 | D:1      | 789 ||| Stepping ~*~*~tactically~*~*~ (hiding).
  1001 | D:1      | 1001 ||| UPGRADING to +0 chain mail.
  1011 | D:1      | 1011 ||| DROPPING +0 scale mail.
  1012 | D:1      | 1012 ||| DROPPING scarf of harm.
  1013 | D:1      | 1013 ||| UPGRADING to amulet of reflection.
  1018 | D:1      | 1018 ||| READING scroll labelled KUZXON WOUJYD.
  1019 | D:1      | 1019 ||| READING scroll labelled ENTUMA ATEMENO.
  1020 | D:1      | 1020 ||| DRINKING 2 bubbling sapphire potions.
  1020 | D:1      | Gained mutation: You are dopey. (Int -2) [potion of
                  | mutation]
  1020 | D:1      | Gained mutation: You are robust. (+10% HP) [potion of
                  | mutation]
  1020 | D:1      | Gained mutation: You are agile. (Dex +4, Str/Int -1)
                  | [potion of mutation]
  1110 | D:2      | 1110 ||| Stepping ~*~*~tactically~*~*~ (hiding).
  1221 | D:2      | 1221 ||| Stepping ~*~*~tactically~*~*~ (stealth).
  1224 | D:2      | 1224 ||| Stepping ~*~*~tactically~*~*~ (stealth).
  1231 | D:2      | Noticed Robin
  1245 | D:2      | Killed Robin
  1246 | D:2      | Reached XP level 4. HP: 12/30 MP: 4/4
  1474 | D:2      | 1474 ||| Stepping ~*~*~tactically~*~*~ (hiding).
  1475 | D:2      | 1475 ||| Stepping ~*~*~tactically~*~*~ (hiding).
  1480 | D:2      | 1480 ||| Stepping ~*~*~tactically~*~*~ (hiding).
  1642 | D:2      | Reached skill level 1 in Dodging
  1716 | D:2      | 1716 ||| Stepping ~*~*~tactically~*~*~ (stealth).
  1725 | D:2      | Reached XP level 5. HP: 29/35 MP: 5/5
  1880 | D:2      | Noticed Sigmund
  1888 | D:2      | Killed Sigmund
  1889 | D:2      | Reached XP level 6. HP: 33/40 MP: 6/6
  1942 | D:2      | 1942 ||| UPGRADING to +0 helmet.
  1947 | D:2      | 1947 ||| UPGRADING to +0 plate armour.
  1957 | D:2      | 1957 ||| DROPPING +0 chain mail.
  1958 | D:2      | 1958 ||| READING 2 scrolls labelled WOIRIOCILO.
  1959 | D:2      | 1959 ||| READING scroll of enchant weapon.
  1959 | D:2      | 1959 ||| ENCHANTING +1 heavy war axe.
  1960 | D:2      | 1960 ||| READING 2 scrolls labelled EJAVUIGHET.
  2068 | D:3      | Found an ornate altar of the Wu Jian Council.
  2079 | D:3      | Identified the +7 hand axe "Modosm" {heavy, rF- Will+
                  | Dex+2}
  2114 | D:3      | Noticed Natasha
  2116 | D:3      | Killed Natasha
  2250 | D:3      | 2250 ||| Stepping ~*~*~tactically~*~*~ (stealth).
  2253 | D:3      | 2253 ||| Stepping ~*~*~tactically~*~*~ (stealth).
  2256 | D:3      | 2256 ||| Stepping ~*~*~tactically~*~*~ (stealth).
  2342 | D:3      | Noticed Jessica
  2343 | D:3      | 2343 ||| Stepping ~*~*~tactically~*~*~ (hiding).
  2344 | D:3      | 2344 ||| Stepping ~*~*~tactically~*~*~ (hiding).
  2346 | D:3      | 2346 ||| Stepping ~*~*~tactically~*~*~ (hiding).
  2349 | D:3      | Killed Jessica
  2353 | D:3      | 2353 ||| Stepping ~*~*~tactically~*~*~ (stealth).
  2357 | D:3      | 2357 ||| Stepping ~*~*~tactically~*~*~ (hiding).
  2575 | D:3      | Found Paqedeig's Magic Scroll Boutique.
  2584 | D:3      | 2584 ||| BUYING scroll of brand weapon (104 gold).
  2584 | D:3      | Bought a scroll of brand weapon for 104 gold pieces
  2584 | D:3      | 2584 ||| BUYING scroll of identify (22 gold).
  2584 | D:3      | Bought a scroll of identify for 22 gold pieces
  2584 | D:3      | 2584 ||| BUYING scroll of identify (22 gold).
  2584 | D:3      | Bought a scroll of identify for 22 gold pieces
  2584 | D:3      | 2584 ||| BUYING scroll of teleportation (33 gold).
  2584 | D:3      | Bought a scroll of teleportation for 33 gold pieces
  2584 | D:3      | 2584 ||| SHOPLISTING scroll of teleportation (33 gold, have
                  | 31).
  2584 | D:3      | 2584 ||| READING scroll of brand weapon.
  2584 | D:3      | 2584 ||| BRANDING +2 heavy war axe.
  2682 | D:3      | 2682 ||| Stepping ~*~*~tactically~*~*~ (hiding).
  2918 | D:3      | 2918 ||| Stepping ~*~*~tactically~*~*~ (stealth).
  2919 | D:3      | 2919 ||| Stepping ~*~*~tactically~*~*~ (hiding).
  2927 | D:3      | 2927 ||| Stepping ~*~*~tactically~*~*~ (hiding).
  2930 | D:3      | 2930 ||| READING scroll labelled FAIF QOBOCKUN.
  3110 | D:3      | 3110 ||| READING scroll labelled EXKONT LUPYH.
  3111 | D:3      | 3111 ||| READING scroll labelled WAOXIEX VUGGIE.
  3112 | D:3      | 3112 ||| DRINKING 3 brown potions.
  3113 | D:3      | 3113 ||| READING 3 scrolls of identify.
  3113 | D:3      | 3113 ||| IDENTIFYING bubbling white potion
  3116 | D:3      | 3116 ||| Stepping ~*~*~tactically~*~*~ (hiding).
  3132 | D:3      | 3132 ||| READING 2 scrolls of identify.
  3132 | D:3      | 3132 ||| IDENTIFYING green potion
  3133 | D:3      | 3133 ||| DROPPING potion of berserk rage.
  3134 | D:3      | 3134 ||| DROPPING potion of brilliance.
  3170 | D:4      | 3170 ||| Stepping ~*~*~tactically~*~*~ (stealth).
  3171 | D:4      | 3171 ||| Stepping ~*~*~tactically~*~*~ (stealth).
  3217 | D:4      | 3217 ||| STAIRDANCE
  3230 | D:3      | 3230 ||| Stepping ~*~*~tactically~*~*~ (stealth).
  3240 | D:3      | Reached skill level 6 in Axes
  3240 | D:3      | Reached XP level 7. HP: 31/47 MP: 7/7
  3402 | D:3      | Noticed Natasha
  3403 | D:3      | 3403 ||| Stepping ~*~*~tactically~*~*~ (hiding).
  3411 | D:3      | Killed Natasha
  3605 | D:4      | 3605 ||| Stepping ~*~*~tactically~*~*~ (stealth).
  3607 | D:4      | 3607 ||| Stepping ~*~*~tactically~*~*~ (stealth).
  3669 | D:4      | 3669 ||| Stepping ~*~*~tactically~*~*~ (stealth).
  3680 | D:4      | 3680 ||| DROPPING +0 flail.
  3681 | D:4      | 3681 ||| DROPPING +0 whip.
  3719 | D:4      | 3719 ||| Stepping ~*~*~tactically~*~*~ (hiding).
  3929 | D:4      | Found a large runed translucent door.
  3930 | D:4      | Found a large runed translucent door.
  3932 | D:4      | Noticed qw's ghost (amateur GrFi)
  4026 | D:4      | 4026 ||| READING scroll labelled HAHAIZ OFAWE.
  4058 | D:4      | 4058 ||| READING scroll of enchant weapon.
  4058 | D:4      | 4058 ||| ENCHANTING +2 war axe of electrocution.
  4327 | D:4      | 4327 ||| DRINKING 2 smoky yellow potions.
  4373 | D:5      | Entered Level 5 of the Dungeon
  4442 | D:5      | Noticed Prince Ribbit
  4466 | D:5      | Killed Prince Ribbit
  4467 | D:5      | Reached XP level 8. HP: 16/52 MP: 8/8
  4675 | D:5      | 4675 ||| Stepping ~*~*~tactically~*~*~ (hiding).
  4677 | D:5      | 4677 ||| Stepping ~*~*~tactically~*~*~ (hiding).
  4690 | D:5      | 4690 ||| Stepping ~*~*~tactically~*~*~ (hiding).
  4711 | D:5      | Found a staircase to the Ecumenical Temple.
  4712 | D:5      | 4712 ||| PLANNING TEMPLE
  4720 | Temple   | Entered the Ecumenical Temple
  4749 | Temple   | 4749 ||| PLANNING OKAWARU WORSHIP
  4806 | Temple   | Became a worshipper of Warmaster Okawaru
  4806 | Temple   | 4806 ||| PLANNING D:1-11
  5062 | D:5      | Noticed a troll
  5067 | D:5      | Killed a troll
  5068 | D:5      | Reached skill level 6 in Fighting
  5075 | D:5      | 5075 ||| FLEEEEING.
  5158 | D:5      | Reached * piety under Okawaru
  5173 | D:5      | 5173 ||| Stepping ~*~*~tactically~*~*~ (hiding).
  5177 | D:5      | 5177 ||| INVOKING Heroism.
  5361 | D:5      | 5361 ||| Stepping ~*~*~tactically~*~*~ (hiding).
  5568 | D:5      | 5568 ||| Stepping ~*~*~tactically~*~*~ (stealth).
  5569 | D:5      | 5569 ||| Stepping ~*~*~tactically~*~*~ (stealth).
  5580 | D:5      | Reached XP level 9. HP: 61/61 MP: 9/9
  5608 | D:5      | Reached skill level 1 in Invocations
  5612 | D:5      | 5612 ||| Stepping ~*~*~tactically~*~*~ (stealth).
  5698 | D:5      | 5698 ||| READING 3 scrolls labelled HIGRUS VOTIXYG.
  5699 | D:5      | 5699 ||| READING 2 scrolls of enchant armour.
  5699 | D:5      | 5699 ||| ENCHANTING +0 helmet.
  5700 | D:5      | 5700 ||| READING scroll of enchant armour.
  5700 | D:5      | 5700 ||| ENCHANTING +1 helmet.
  5701 | D:5      | 5701 ||| READING scroll labelled KOPREPSAUWN.
  5702 | D:5      | 5702 ||| READING scroll labelled YCAUH GOUHAORI.
  5703 | D:5      | 5703 ||| DRINKING 2 red potions.
  5736 | D:6      | 5736 ||| INVOKING Heroism.
  5744 | D:6      | 5744 ||| Stepping ~*~*~tactically~*~*~ (stealth).
  5754 | D:6      | 5754 ||| Stepping ~*~*~tactically~*~*~ (stealth).
  5756 | D:6      | 5756 ||| Stepping ~*~*~tactically~*~*~ (stealth).
  5783 | D:6      | Identified the ring of Qysteamu {Will+ rCorr Int+3 SInv}
  5819 | D:6      | Reached skill level 3 in Invocations
  5944 | D:6      | Reached skill level 9 in Axes
  5978 | D:6      | 5978 ||| INVOKING Heroism.
  6267 | D:6      | 6267 ||| UPGRADING to ring of Qysteamu {Will+ rCorr Int+3
                  | SInv}.
  6295 | D:7      | 6295 ||| PLANNING OSSUARY
  6339 | D:7      | Found a sand-covered staircase.
  6344 | Ossuary  | Entered an ossuary
  6504 | D:7      | 6504 ||| PLANNING D:1-11
  6555 | D:7      | 6555 ||| Stepping ~*~*~tactically~*~*~ (hiding).
  6563 | D:7      | 6563 ||| INVOKING Heroism.
  6682 | D:7      | 6682 ||| Stepping ~*~*~tactically~*~*~ (hiding).
  6685 | D:7      | 6685 ||| INVOKING Heroism.
  6690 | D:7      | 6690 ||| Stepping ~*~*~tactically~*~*~ (cloud).
  6691 | D:7      | 6691 ||| Stepping ~*~*~tactically~*~*~ (cloud).
  6767 | D:7      | 6767 ||| Stepping ~*~*~tactically~*~*~ (hiding).
  6935 | D:7      | 6935 ||| Stepping ~*~*~tactically~*~*~ (stealth).
  6940 | D:7      | Reached skill level 6 in Armour
  6946 | D:7      | Reached ** piety under Okawaru
  7030 | D:7      | 7030 ||| Stepping ~*~*~tactically~*~*~ (hiding).
  7139 | D:7      | Found Hohew's Antique Weapon Emporium.
  7156 | D:7      | 7156 ||| BUYING glowing mace (186 gold).
  7156 | D:7      | Bought a glowing mace for 186 gold pieces
  7156 | D:7      | 7156 ||| DROPPING +1 mace of protection.
  7525 | D:7      | 7525 ||| UPGRADING to +0 kite shield.
  7535 | D:7      | 7535 ||| DROPPING +0 buckler.
  7536 | D:7      | 7536 ||| READING 2 scrolls labelled YDAKHE JO ESH.
  7537 | D:7      | 7537 ||| DRINKING 2 coppery potions.
  7538 | D:7      | 7538 ||| DRINKING 2 potions of curing.
  7538 | D:7      | 7538 ||| (to cure confusion)
  7539 | D:7      | 7539 ||| DROPPING potion of ambrosia.
  7540 | D:7      | 7540 ||| DROPPING scroll of fear.
  7582 | D:8      | Noticed Maurice
  7583 | D:8      | Found a runed translucent gate.
  7583 | D:8      | Found a runed translucent gate.
  7583 | D:8      | Found a runed translucent gate.
  7601 | D:8      | Killed Maurice
  7602 | D:8      | Reached skill level 6 in Shields
  7602 | D:8      | Reached XP level 10. HP: 67/69 MP: 13/13
  7727 | D:8      | 7727 ||| Stepping ~*~*~tactically~*~*~ (stealth).
  7728 | D:8      | 7728 ||| Stepping ~*~*~tactically~*~*~ (stealth).
  7729 | D:8      | 7729 ||| Stepping ~*~*~tactically~*~*~ (stealth).
  7763 | D:8      | 7763 ||| Stepping ~*~*~tactically~*~*~ (hiding).
  7765 | D:8      | 7765 ||| Stepping ~*~*~tactically~*~*~ (hiding).
  7767 | D:8      | 7767 ||| Stepping ~*~*~tactically~*~*~ (hiding).
  7768 | D:8      | 7768 ||| Stepping ~*~*~tactically~*~*~ (hiding).
  7769 | D:8      | 7769 ||| Stepping ~*~*~tactically~*~*~ (hiding).
  7770 | D:8      | 7770 ||| Stepping ~*~*~tactically~*~*~ (hiding).
  7931 | D:8      | Found an opulent altar of Gozag.
  7936 | D:8      | Found Gozag's Platinum Reserve.
  7946 | D:8      | 7946 ||| SHOPLISTING ring "Zuomak" {Fly rElec Will+} (3710
                  | gold, have 161).
  7946 | D:8      | 7946 ||| SHOPLISTING ring of Keokosot {rF+ Str+2} (3620
                  | gold, have 161).
  7991 | D:8      | Noticed a green ugly thing
  7991 | D:8      | Noticed a green ugly thing
  7991 | D:8      | Noticed a purple ugly thing
  7991 | D:8      | Noticed a red ugly thing
  7991 | D:8      | Noticed a brown ugly thing
  8009 | D:8      | 8009 ||| INVOKING Heroism.
  8176 | D:8      | 8176 ||| UPGRADING to +0 cloak.
  8181 | D:8      | 8181 ||| READING scroll labelled WET BENADOO.
  8182 | D:8      | 8182 ||| DRINKING 2 white potions.
  8210 | D:9      | 8210 ||| Stepping ~*~*~tactically~*~*~ (stealth).
  8236 | D:9      | Reached *** piety under Okawaru
  8286 | D:9      | 8286 ||| Stepping ~*~*~tactically~*~*~ (stealth).
  8288 | D:9      | 8288 ||| Stepping ~*~*~tactically~*~*~ (hiding).
  8289 | D:9      | 8289 ||| Stepping ~*~*~tactically~*~*~ (hiding).
  8341 | D:9      | 8341 ||| Stepping ~*~*~tactically~*~*~ (stealth).
  8343 | D:9      | 8343 ||| Stepping ~*~*~tactically~*~*~ (stealth).
  8347 | D:9      | 8347 ||| DROPPING +1 heavy flail.
  8353 | D:9      | 8353 ||| INVOKING Heroism.
  8355 | D:9      | 8355 ||| Stepping ~*~*~tactically~*~*~ (cloud).
  8356 | D:9      | 8356 ||| Stepping ~*~*~tactically~*~*~ (stealth).
  8366 | D:9      | Reached skill level 1 in Throwing
  8387 | D:9      | Found a staircase to the Orcish Mines.
  8396 | D:9      | 8396 ||| INVOKING Heroism.
  8594 | D:9      | You fall into a shaft and drop 2 floors!
  8600 | D:11     | Noticed a cyclops
  8602 | D:11     | 8602 ||| Stepping ~*~*~tactically~*~*~ (hiding).
  8604 | D:11     | 8604 ||| INVOKING Heroism.
  8609 | D:11     | Killed a cyclops
  8610 | D:11     | Reached skill level 9 in Shields
  8713 | D:11     | 8713 ||| READING scroll labelled TOACKA SYKUANG.
  8822 | D:10     | Entered Level 10 of the Dungeon
  8822 | D:10     | Noticed a death yak
  8822 | D:10     | Noticed a death yak
  8822 | D:10     | Noticed Urug
  8823 | D:10     | 8823 ||| INVOKING Heroism.
  8827 | D:10     | Noticed a death yak
  8829 | D:10     | Noticed a death yak
  8831 | D:10     | Noticed a death yak
  8832 | D:10     | Reached **** piety under Okawaru
  8836 | D:10     | HP: 4/69 [death yak (18)]
  8837 | D:10     | 8837 ||| READING 8 scrolls of teleportation.
  8837 | D:10     | Mangled by Urug

Levels and vault maps discovered:
D:1:      co_arrival_square_in_a_square_in_a_square, layout_basic
D:2:      layout_basic, minmay_randomly_rotated_circles, uniq_robin,
          uniq_sigmund
D:3:      kennysheep_slugbush, layout_loops_corners,
          mainiacjoe_overflow_six_doors_small, serial_shops, shop, uniq_natasha,
          uniq_jessica
D:4:      layout_basic, mainiacjoe_overflow_brackets, serial_curves,
          eino_curves_02, eino_curves_04, ebering_ghost_disaster_area
D:5:      minmay_razor_zed, layout_loops_ring, minmay_temple_entry_glass,
          uniq_prince_ribbit1
D:6:      layout_cave_pools, minivault_27
D:7:      layout_loops_ring, enter_ossuary_3, nicolae_wooded_promenade
D:8:      layout_rooms, nicolae_gozag_zags_fifth_avenue,
          ploomutoo_gammafunk_ghost_potion_laboratory, uniq_maurice
D:9:      layout_loops_cross, minmay_orc_entry_guard_dogs, minivault_23
D:10:     wander_river, layout_basic, dk_xom_monty_hall, dpeg_lair_monsters,
          uniq_urug
D:11:     layout_stronghold, nicolae_qazlal_general_emergency, uniq_harold,
          uniq_amaemon
Temple:   dpeg_three_leaves_temple

Skill      XL: |  1  2  3  4  5  6  7  8  9 10 |
---------------+-------------------------------+-----
Axes           | 2 3 4 5 6 7 8 9 |  9.9
Dodging        | 1 2 |  2.1
Fighting       | 4 6 7 |  7.4
Armour         | 4 5 6 |  6.0
Invocations    | 4 |  4.4
Shields        | 6 9 |  9.4
Throwing       | 1 |  1.8

Action                     |  1- 3 |  4- 6 |  7- 9 | 10-12 || total
---------------------------+-------+-------+-------+-------++-------
  Melee: War axe           |    85 |   103 |   298 |   113 ||   599
         Unarmed           |       |       |     5 |       ||     5
 Invoke: Heroism           |       |       |     5 |     5 ||    10
    Use: Scroll            |     2 |     9 |     8 |     3 ||    22
         Potion            |     1 |     1 |     4 |     1 ||     7
   Stab: Confused          |       |       |     1 |       ||     1
 Armour: Scale mail        |    39 |       |       |       ||    39
         Chain mail        |    16 |    47 |       |       ||    63
         Plate armour      |       |    24 |   123 |    70 ||   217
         Skin              |       |       |     1 |       ||     1
  Dodge: Dodged            |    36 |    24 |    65 |    24 ||   149
  Block: Buckler           |    42 |    59 |   112 |       ||   213
         Reflection        |       |     5 |     7 |    10 ||    22
         Kite shield       |       |       |     9 |   106 ||   115

Table legend:
 A = Non-vault XP
 B = Vault XP
 C = Vault XP percentage of total XP
 D = Non-vault monster count
 E = Vault monster count
 F = Vault count percentage of total count
                 A         B        C        D         E       F
            +---------+---------+-------+---------+---------+-------
      Total |    6452 |    2622 |  28.9 |     174 |      74 |  29.8
            +---------+---------+-------+---------+---------+-------
        D:1 |      37 |       0 |   0.0 |      21 |       0 |   0.0
        D:2 |      97 |     293 |  75.1 |      17 |      19 |  52.8
        D:3 |     118 |     105 |  47.1 |      23 |      11 |  32.4
        D:4 |     246 |       0 |   0.0 |      17 |       0 |   0.0
        D:5 |     556 |    1020 |  64.7 |      16 |      17 |  51.5
        D:6 |     830 |       0 |   0.0 |      14 |       0 |   0.0
        D:7 |     897 |      44 |   4.7 |      26 |       2 |   7.1
        D:8 |     660 |     508 |  43.5 |      14 |       1 |   6.7
        D:9 |    1040 |     632 |  37.8 |      17 |       4 |  19.0
       D:10 |    1076 |       0 |   0.0 |       6 |       0 |   0.0
       D:11 |     895 |       0 |   0.0 |       3 |       0 |   0.0
    Ossuary |       0 |      20 | 100.0 |       0 |      20 | 100.0
            +---------+---------+-------+---------+---------+-------
